 Dungeon Crawl Stone Soup version 0.30-a0-918-g0ff054e9dc (webtiles) character file.

Game seed: 4221163384846245315

242 qeuew the Magician (level 5, -4/28 HPs)
             Began as a Deep Elf Air Elementalist on Mar 20, 2023.
             Slain by Sigmund
             ... wielding a +0 scythe
              (12 damage)
             ... on level 4 of the Dungeon.
             The game lasted 00:04:57 (3586 turns).

qeuew the Magician (Deep Elf Air Elementalist)      Turns: 3586, Time: 00:04:58

Health: -4/28      AC:  2    Str:  5    XL:     5   Next: 81%
Magic:  8/14       EV: 13    Int: 28    God:
Gold:   156        SH:  0    Dex: 15    Spells: 11/14 levels left

rFire   . . .      SeeInvis .    b - +0 dagger
rCold   . . .      Faith    .    (no shield)
rNeg    . . .      Spirit   .    a - +0 robe
rPois   .          Reflect  .    (no helmet)
rElec   .          Rampage  .    (no cloak)
rCorr   .                        (no gloves)
Will    .....                    (no boots)
Stlth   ++                       (no amulet)
HPRegen 0.24/turn                e - +6 ring of intelligence
MPRegen 0.14/turn                (no ring)

@: no status effects
A: no striking features
a: no special abilities


You were on level 4 of the Dungeon.
You visited 1 branch of the dungeon, and saw 4 of its levels.

You collected 156 gold pieces.

Inventory:

Hand Weapons
 b - a +0 dagger (weapon)
Armour
 a - a +0 robe (worn)
Jewellery
 e - a +6 ring of intelligence (left hand)
Scrolls
 c - a scroll of fear
 d - 2 scrolls of teleportation {unknown}
 g - a scroll of torment {unknown}
 i - a scroll of identify
Potions
 f - a potion of degeneration {unknown}
 h - a potion of might


   Skills:
 + Level 1.5 Armour
 + Level 3.6 Dodging
 - Level 2.4 Stealth
 * Level 5.4 Spellcasting
 + Level 2.6 Conjurations
 + Level 3.7 Air Magic


You had 11 spell levels left.
You knew the following spells:

 Your Spells              Type           Power      Damage    Failure   Level
a - Shock                 Conj/Air       100%       1d9       1%          1
b - Static Discharge      Conj/Air       50%        2-5/arc   2%          2

Your spell library contained the following spells:

 Spells                   Type           Power      Damage    Failure   Level
 Swiftness                Air            28%        N/A       4%          3
 Necrotise                Necr           28%        1d5       6%          1
 Airstrike                Air            14%        2d(2-18)  14%         4
 Vampiric Draining        Necr           7%         2d6       19%         3
 Agony                    Necr           7%         N/A       87%         5


Dungeon Overview and Level Annotations

Branches:
Dungeon (4/15)             Temple (0/1) D:4

Altars:
Trog

Shops:
D:1 *

Annotations:
D:4 Sigmund


Message History

There are monsters nearby!
The zap hits the ogre.
The ogre is severely wounded.
The zap hits Sigmund.
Sigmund is lightly wounded.
The ogre closely misses you.
There are monsters nearby!
The zap hits the ogre.
The ogre is almost dead.
The zap hits Sigmund.
Sigmund is lightly wounded.
The ogre hits you with a +0 giant spiked club!!
Ouch! That really hurt!
* * * LOW HITPOINT WARNING * * *
You hear a shout!
You are too injured to fight recklessly!
Aiming: Shock (safe; 1% risk of failure)
Press: ? - help, Q - select action, (/) - cycle Shift-Dir - straight line, f/p - ogre
Aim: an ogre, wielding a +0 giant spiked club (almost dead, 88% to hit)
The zap hits the ogre!
You kill the ogre!
The zap hits Sigmund.
Sigmund is moderately wounded.
Okay, then.
Okay, then.
Aiming: Shock (safe; 1% risk of failure)
Press: ? - help, Q - select action, (/) - cycle Shift-Dir - straight line, f - Sigmund
Aim: Sigmund, wielding a +0 scythe and wearing a +0 robe (moderately wounded, 71% to hit)
The zap hits Sigmund.
Sigmund is heavily wounded.
Sigmund points at you and mumbles some strange words.
You resist with some effort.
An orc comes into view. It is wielding a +0 hand axe.
Aiming: Shock (safe; 1% risk of failure)
Press: ? - help, Q - select action, (/) - cycle Shift-Dir - straight line, f/p - Sigmund
Aim: Sigmund, wielding a +0 scythe and wearing a +0 robe (heavily wounded, 71% to hit)
The zap hits Sigmund.
Sigmund is severely wounded.
Sigmund hits you from afar with a +0 scythe!
You die...

### #.# #.########.
#..@)@.....
#.##...###. ######
#.# .#o#
.....####### #.# .#
# .....#.....###.#
.# ...........'...#
.# ...........##..#
.#
..###..........##.#
#+###.............


You could see Sigmund and an orc.

Vanquished Creatures
  An ogre (D:4)
  Jessica (D:3)
  A sleepcap (D:4)
  An adder (D:3)
  2 worms (D:2)
  6 dart slugs
  6 orcs (D:3)
  2 bats
  6 endoplasms
  3 giant cockroaches
  7 goblins
  4 hobgoblins
  8 jackals
  6 kobolds
  2 quokkas (D:2)
  7 ball pythons
  3 frilled lizards
  6 rats
72 creatures vanquished.

Notes
Turn   | Place    | Note
-------+----------+-------------------------------------------
     0 | D:1      | qeuew the Deep Elf Air Elementalist began the quest for the
                  | Orb.
     0 | D:1      | Reached XP level 1. HP: 10/10 MP: 6/6
   123 | D:1      | Found Houd's Assorted Antiques.
   269 | D:1      | Reached XP level 2. HP: 6/15 MP: 6/8
   746 | D:1      | Reached XP level 3. HP: 19/19 MP: 1/10
  1320 | D:1      | Learned a level 2 spell: Static Discharge
  1427 | D:2      | Reached skill level 4 in Spellcasting
  2173 | D:3      | Noticed Jessica
  2175 | D:3      | Killed Jessica
  2176 | D:3      | Reached skill level 1 in Armour
  2176 | D:3      | Reached XP level 4. HP: 24/24 MP: 9/12
  2395 | D:3      | Found a faded altar of an unknown god.
  2759 | D:3      | HP: 1/24 [orc/+0 whip (2)]
  3427 | D:4      | Reached skill level 5 in Spellcasting
  3427 | D:4      | Reached XP level 5. HP: 28/28 MP: 6/14
  3465 | D:3      | Found a bloodstained altar of Trog.
  3533 | D:4      | Found a staircase to the Ecumenical Temple.
  3579 | D:4      | Noticed Sigmund
  3579 | D:4      | Noticed an ogre
  3584 | D:4      | Killed an ogre
  3586 | D:4      | Slain by Sigmund

Illustrated notes

Levels and vault maps discovered:
D:1:      matt_arrival_refuge, layout_basic, serial_shops,
          nicolae_shop_hallway_stairs, nicolae_eternal_life
D:2:      layout_rooms, minmay_misc_feat_four_crosses, serial_bayou_pond_d,
          serial_bayou_pond_d
D:3:      layout_basic, nicolae_overflow_ecumenical_swirl, uniq_jessica
D:4:      layout_basic, gammafunk_temple_overflow_wave,
          mainiacjoe_overflow_24_doors, temple_fountains, chequers_arboretum,
          uniq_sigmund

Skill      XL: |  1  2  3  4 |
---------------+-------------+-----
Spellcasting   | 4 5 |  5.4
Dodging        | 3 |  3.6
Armour         | 1 |  1.5
Conjurations   | 2 |  2.6
Stealth        | |  2.4
Air Magic      | |  3.7

Action                     |  1- 3 |  4- 6 || total
---------------------------+-------+-------++-------
  Melee: Unarmed           |     3 |       ||     3
         Dagger            |    39 |    13 ||    52
   Cast: Shock             |    97 |    48 ||   145
         Static Discharge  |       |     2 ||     2
    Use: Potion            |     6 |     1 ||     7
         Scroll            |     4 |     2 ||     6
   Stab: Sleeping          |     1 |       ||     1
 Armour: Robe              |     8 |     2 ||    10
  Dodge: Dodged            |    30 |    12 ||    42

Table legend: (Time is in decaauts)
 A = Elapsed time spent in this place.
 B = Non-inter-level travel time spent in this place.
 C = Inter-level travel time spent in this place.
 D = Time resting spent in this place.
 E = Time spent auto-exploring this place.
 F = Levels seen in this place.
 G = Mean time per level.
                   A        B        C        D        E       F      G
               +--------+--------+--------+--------+--------+-----+--------+
         Total |   3565 |   3473 |     92 |    100 |   2970 |   4 |  891.2 |
       Dungeon |   3565 |   3473 |     92 |    100 |   2970 |   4 |  891.2 |
               +--------+--------+--------+--------+--------+-----+--------+

Top non-repeatable levels by time:
     D:1: 1337 daAuts
     D:3: 1259 daAuts
     D:2: 741 daAuts
     D:4: 227 daAuts
